 Dungeon Crawl Stone Soup version 0.22-a0-480-g991dd4b (webtiles) character file.

1666 galech the Fighter (level 9, -4/144 HPs)
             Began as an Ogre Berserker on June 15, 2018.
             Was a Priest of Trog.
             Slain by a sky beast (6 damage)
             ... on level 6 of the Dungeon.
             The game lasted 00:07:29 (7046 turns).

galech the Fighter (Ogre Berserker)                 Turns: 7046, Time: 00:07:29

Health: -4/144     AC:  3    Str: 31    XL:     9   Next: 1%
Magic:  9/9        EV: 11    Int:  8    God:    Trog [***...]
Gold:   378        SH:  0    Dex:  8    Spells: 8/8 levels left

rFire    . . .     SeeInvis .   y - +0 whip (flame)
rCold    . . .     Gourm    .   (no shield)
rNeg     . . .     Faith    .   b - +0 animal skin
rPois    .         Spirit   .   (helmet restricted)
rElec    .         Reflect  .   (no cloak)
rCorr    .         Harm     .   (gloves unavailable)
MR       .....                  (boots unavailable)
Stlth    ..........             (no amulet)
HPRegen  0.34/turn              (no ring)
MPRegen  0.11/turn              (no ring)

@: berserking, very quick
A: large, unfitting armour, tough skin 1
a: Berserk, Trog's Hand, Renounce Religion


You were on level 6 of the Dungeon.
You worshipped Trog.
Trog was most pleased with you.
You were very hungry.

You visited 1 branch of the dungeon, and saw 7 of its levels.

You collected 378 gold pieces.

Inventory:

Hand Weapons
 a - a +0 mace
 t - a +1 mace of holy wrath
 y - a +0 whip of flaming (weapon)
Armour
 b - a +0 animal skin (worn)
Wands
 h - a wand of acid (8)
Scrolls
 d - 3 scrolls of noise
 i - 2 scrolls of teleportation
 m - a scroll of immolation {unknown}
 n - 2 scrolls of fog
 o - 2 scrolls of blinking
 p - 2 scrolls of fear
 q - 3 scrolls of random uselessness
 r - 2 scrolls of enchant weapon {unknown}
 v - a scroll of magic mapping {unknown}
 w - 2 scrolls of identify
Potions
 e - a potion of cancellation {unknown}
 f - 2 potions of ambrosia {unknown}
 g - 3 potions of berserk rage {unknown}
 j - 2 potions of haste {unknown}
 k - a potion of might {unknown}
 l - a potion of agility {unknown}
 s - a potion of brilliance {unknown}
 u - 2 potions of magic {unknown}
 x - a potion of curing {unknown}
Comestibles
 c - 8 rations


   Skills:
 + Level 8.1 Fighting
 + Level 7.3 Maces & Flails
 + Level 5.7 Dodging
 + Level 2.0 Stealth


You had 8 spell levels left.
You didn't know any spells.
Your spell library was empty.

Dungeon Overview and Level Annotations

Branches:
Dungeon (7/15)             Temple (0/1) D:5

Altars:
Dithmenos
Gozag
Uskayaw
Zin
The Shining One


Innate Abilities, Weirdness & Mutations

You are too large for most types of armour.
You have tough skin. (AC +1)


Message History

Something shocks you.
* * * LOW HITPOINT WARNING * * *
A red film seems to cover your vision as you go berserk!
You feel yourself moving faster!
You feel mighty!
You are feeling very hungry.
Something hits you but does no damage.
You barely miss something. Something hits you.
* * * LOW HITPOINT WARNING * * *
Something shocks you.
* * * LOW HITPOINT WARNING * * *
You whack something! You burn something. You closely miss something.
Something hits you.
* * * LOW HITPOINT WARNING * * *
Something shocks you.
* * * LOW HITPOINT WARNING * * *
You miss something. You completely miss something. Something hits you.
* * * LOW HITPOINT WARNING * * *
Something shocks you.
You die...

.....(...# ##...####.#.## #
.........#### ###............# #
#######.....####...#..........###
##..............>..........
##......#...............##
#......<..............###
##....................###
##.#.....[....##.........
######..#.##{@.....##.........
#.......#.##...........#......
#.....#...#...........##......
#....##.#.(.#.................
#.........########............
#....##..............##.......
#....######.###...............
###.### #.............#...#..#
#...######.............######..


There were no monsters in sight!

Vanquished Creatures
  Pikel (D:6)
  The ghost of galech the Slasher, an amateur MiFi (D:4)
  An ogre (D:6)
  2 bullfrogs
  A scorpion (D:4)
  A crimson imp (D:5)
  2 bullfrog zombies (D:5)
  A centaur skeleton (D:6)
  An orc priest (D:5)
  2 hounds
  A jelly (D:7)
  2 orc wizards
  A gnoll shaman (D:4)
  Ijyb (D:5)
  5 worker ants (D:4)
  A hound zombie (D:5)
  3 gnolls (D:5)
  12 adders
  A shadow imp (D:5)
  2 oozes
  4 worms
  4 leopard geckos
  17 orcs
  3 ball pythons
  7 giant cockroaches
  7 hobgoblins
  3 jackals (D:1)
  A quokka (D:5)
  6 bats
  6 frilled lizards
  5 goblins
  5 kobolds
  A leopard gecko skeleton (D:4)
  8 rats
119 creatures vanquished.

Vanquished Creatures (others)
  A hound (D:7)
1 creature vanquished.

Grand Total: 120 creatures vanquished

Notes
Turn   | Place    | Note
-------+----------+-------------------------------------------
     0 | D:1      | galech the Ogre Berserker began the quest for the Orb.
     0 | D:1      | Reached XP level 1. HP: 24/24 MP: 1/1
    65 | D:1      | Reached XP level 2. HP: 31/32 MP: 2/2
   491 | D:1      | Reached XP level 3. HP: 38/40 MP: 3/3
   901 | D:2      | Reached ** piety under Trog
  1231 | D:2      | Reached XP level 4. HP: 49/49 MP: 4/4
  1607 | D:3      | Reached skill level 5 in Fighting
  1888 | D:3      | Found a hide-covered altar of Uskayaw.
  2016 | D:3      | Reached XP level 5. HP: 53/57 MP: 5/5
  2627 | D:3      | Found a glowing silver altar of Zin.
  2627 | D:3      | Found a shadowy altar of Dithmenos.
  2882 | D:4      | Found an opulent altar of Gozag.
  3192 | D:4      | Reached XP level 6. HP: 39/67 MP: 6/6
  4072 | D:4      | Reached skill level 6 in Fighting
  4218 | D:4      | Noticed galech's ghost (amateur MiFi)
  4234 | D:4      | Killed galech's ghost
  4234 | D:4      | Reached skill level 5 in Maces & Flails
  4234 | D:4      | Reached skill level 1 in Stealth
  4234 | D:4      | Reached XP level 7. HP: 76/76 MP: 3/7
  4421 | D:4      | Reached *** piety under Trog
  4759 | D:5      | Entered Level 5 of the Dungeon
  5161 | D:5      | Found a staircase to the Ecumenical Temple.
  5255 | D:5      | Noticed Ijyb
  5266 | D:5      | Killed Ijyb
  5667 | D:5      | Reached XP level 8. HP: 78/84 MP: 8/8
  5946 | D:5      | Reached skill level 7 in Fighting
  6536 | D:6      | Found a glowing golden altar of the Shining One.
  6565 | D:6      | Reached skill level 5 in Dodging
  6895 | D:7      | Noticed Pikel
  6918 | D:6      | Killed Pikel
  6918 | D:6      | Reached skill level 8 in Fighting
  6918 | D:6      | Reached XP level 9. HP: 53/96 MP: 9/9
  7044 | D:6      | HP: 6/144 [something (6)]
  7046 | D:6      | HP: 2/144 [something (4)]
  7046 | D:6      | Slain by a sky beast

Vault maps used:
D:1:      lightli_molten_gateway
D:3:      nicolae_overflow_hidden_temple, gammafunk_temple_overflow_pools
D:4:      kennysheep_six_static_rooms, old_standard_altar, first_ration,
          grunt_ministairs_11
D:5:      cheibrodos_barr_body, minmay_temple_entry_statues,
          kennysheep_generic_room_14, uniq_ijyb
D:6:      overflow_temple_1_default
D:7:      uniq_pikel

Skill      XL: |  1  2  3  4  5  6  7  8 |
---------------+-------------------------+-----
Maces & Flails | 3 4 5 6 7 |  7.3
Dodging        | 3 4 5 |  5.7
Fighting       | 5 6 8 |  8.1
Stealth        | 1 2 |  2.0

Action                   |  1- 3 |  4- 6 |  7- 9 || total
-------------------------+-------+-------+-------++-------
Melee: Mace              |   111 |   183 |   175 ||   469
       Whip              |       |       |    19 ||    19
Invok: Berserk           |       |     4 |     4 ||     8
       Trog's Hand       |       |     2 |     3 ||     5
  Use: Scroll            |       |       |     7 ||     7
 Stab: Sleeping          |       |       |     1 ||     1
  Eat: Chunk             |     1 |    13 |    10 ||    24
       Ration            |       |       |     1 ||     1
Armor: Animal skin       |    53 |    31 |    33 ||   117
Dodge: Dodged            |    84 |    98 |   104 ||   286

Table legend:
 A = Spawn XP
 B = Non-spawn XP
 C = Spawn XP percentage of total XP
 D = Spawn monster count
 E = Non-spawn monster count
 F = Spawn count percentage of total count
 G = Total turns spent on level
                    A         B        C        D         E        F      G
               +---------+---------+-------+---------+---------+-------+---------
         Total |       0 |    2381 |   0.0 |       0 |     119 |   0.0 |  7046
               +---------+---------+-------+---------+---------+-------+---------
           D:1 |       0 |      37 |   0.0 |       0 |      23 |   0.0 |   664
           D:2 |       0 |      65 |   0.0 |       0 |      16 |   0.0 |   935
           D:3 |       0 |      95 |   0.0 |       0 |      23 |   0.0 |  1167
           D:4 |       0 |     692 |   0.0 |       0 |      23 |   0.0 |  1993
           D:5 |       0 |     393 |   0.0 |       0 |      24 |   0.0 |  1423
           D:6 |       0 |     924 |   0.0 |       0 |       6 |   0.0 |   719
           D:7 |       0 |     175 |   0.0 |       0 |       4 |   0.0 |   145
               +---------+---------+-------+---------+---------+-------+---------
